SL
THUNDER BAY NORTHERN LIONS BC @ NEW AMSTERDAM REPUBLICS
07/10/2023
 
TOP OF THE 1ST
Thunder Bay Northern Lions BC batting - Pitching for New Amsterdam Republics : RHP Nathaniel Riley
Pitching: RHP Nathaniel Riley
Batting: RHB Jonathan Cook 0-0: Ball
1-0: SOLO HOME RUN (Flyball, 7LD), Distance : 370 ft
Batting: RHB Keith Fish 0-0: Ground out 1-3 (Groundball, 15S)
Batting: LHB David Smith 0-0: Foul Ball, location: 2F
0-1: Called Strike
0-2: Strikes out swinging
Batting: SHB Carlos Rodríguez 0-0: Swinging Strike
0-1: Swinging Strike
0-2: Ball
1-2: Ground out 4-3 (Groundball, 4)
Top of the 1st over - 1 run(s), 1 hit(s), 0 error(s), 0 left on base; Thunder Bay 1 - New Amsterdam 0
BOTTOM OF THE 1ST
New Amsterdam Republics batting - Pitching for Thunder Bay Northern Lions BC : RHP Ramón Ortega
Pitching: RHP Ramón Ortega
Batting: RHB António Pérez 0-0: Foul Ball, location: 2F
0-1: Ball
1-1: Ball
2-1: Ball
3-1: Called Strike
3-2: Ground out 4-3 (Groundball, 4M)
Batting: RHB Cory Hansen 0-0: Ball
1-0: Foul Ball, location: 2F
1-1: Swinging Strike
1-2: Ball
2-2: Ball
3-2: Strikes out swinging
Batting: LHB Félix López 0-0: Ball
1-0: Ground out 5-3 (Groundball, 5S)
Bottom of the 1st over - 0 run(s), 0 hit(s), 0 error(s), 0 left on base; Thunder Bay 1 - New Amsterdam 0
TOP OF THE 2ND
Thunder Bay Northern Lions BC batting - Pitching for New Amsterdam Republics : RHP Nathaniel Riley
Batting: LHB Pancho García 0-0: Called Strike
0-1: Ball
1-1: Swinging Strike
1-2: Strikes out swinging
Batting: RHB Robert O'Connor 0-0: Ball
1-0: Ball
2-0: Ball
3-0: Base on Balls
Batting: LHB Mike Blue 0-0: Called Strike
0-1: Ball
1-1: Swinging Strike
1-2: Foul Ball, location: 2F
1-2: Ball
2-2: Foul Ball, location: 2F
2-2: Foul Ball, location: 2F
2-2: SINGLE (Line Drive, 89S)
Robert O'Connor to second
Batting: RHB Ed Whitaker 0-0: Called Strike
0-1: Ball
1-1: Foul Ball, location: 2F
1-2: Grounds into double play, 6-4-3 (Groundball, 6)
Top of the 2nd over - 0 run(s), 1 hit(s), 0 error(s), 1 left on base; Thunder Bay 1 - New Amsterdam 0
BOTTOM OF THE 2ND
New Amsterdam Republics batting - Pitching for Thunder Bay Northern Lions BC : RHP Ramón Ortega
Batting: RHB Júlio Maldonado 0-0: Foul Ball, location: 2F
0-1: Called Strike
0-2: Foul Ball, location: 2F
0-2: Ball
1-2: Foul Ball, location: 2F
1-2: SINGLE (Groundball, 25) (infield hit)
Batting: LHB Steve Ingram 0-0: Called Strike
0-1: Ball
1-1: Ball
2-1: Swinging Strike
2-2: Ball
3-2: Base on Balls
Júlio Maldonado to second
Batting: RHB Luis Muńóz 0-0: Swinging Strike
0-1: Swinging Strike
0-2: Ball
1-2: Strikes out swinging
Batting: LHB Eric Ward 0-0: Called Strike
0-1: Reached on Error, E7 (Flyball, 7M)
Júlio Maldonado to third
Steve Ingram to second
Batting: RHB Ed Anderson 0-0: Ball
1-0: Foul Ball, location: 2F
1-1: Swinging Strike
1-2: Strikes out swinging
Batting: RHB Takeru Sanu 0-0: Fly out, F9 (Flyball, 89M)
Bottom of the 2nd over - 0 run(s), 1 hit(s), 1 error(s), 3 left on base; Thunder Bay 1 - New Amsterdam 0
TOP OF THE 3RD
Thunder Bay Northern Lions BC batting - Pitching for New Amsterdam Republics : RHP Nathaniel Riley
Batting: RHB Raúl Valadez 0-0: Ball
1-0: Ball
2-0: Called Strike
2-1: Ground out 4-3 (Groundball, 4)
Batting: RHB Jonathan Cook 0-0: Ball
1-0: Swinging Strike
1-1: Ball
2-1: Called Strike
2-2: Strikes out swinging
Batting: RHB Keith Fish 0-0: Ball
1-0: Called Strike
1-1: Ball
2-1: Ball
3-1: Base on Balls
Batting: LHB David Smith 0-0: Ball
1-0: Ground out 3-1 (Groundball, 34)
Top of the 3rd over - 0 run(s), 0 hit(s), 0 error(s), 1 left on base; Thunder Bay 1 - New Amsterdam 0
BOTTOM OF THE 3RD
New Amsterdam Republics batting - Pitching for Thunder Bay Northern Lions BC : RHP Ramón Ortega
Batting: RHB António Pérez 0-0: Called Strike
0-1: Ball
1-1: Ground out 2-3 (Groundball, 2L)
Batting: RHB Cory Hansen 0-0: Called Strike
0-1: Ball
1-1: Foul Ball, location: 2F
1-2: Ball
2-2: Strikes out looking
Batting: LHB Félix López 0-0: Called Strike
0-1: Foul Ball, location: 2F
0-2: DOUBLE (Flyball, 9LM)
Batting: RHB Júlio Maldonado 0-0: 2-RUN HOME RUN (Flyball, 78XD), Distance : 425 ft
Batting: LHB Steve Ingram 0-0: Foul Ball, location: 2F
0-1: Foul Ball, location: 2F
0-2: Ball
1-2: Fly out, F9 (Flyball, 9M)
Bottom of the 3rd over - 2 run(s), 2 hit(s), 0 error(s), 0 left on base; Thunder Bay 1 - New Amsterdam 2
TOP OF THE 4TH
Thunder Bay Northern Lions BC batting - Pitching for New Amsterdam Republics : RHP Nathaniel Riley
Batting: SHB Carlos Rodríguez 0-0: Swinging Strike
0-1: Called Strike
0-2: Strikes out swinging
Batting: LHB Pancho García 0-0: Ball
1-0: Ball
2-0: Ball
3-0: Base on Balls
Batting: RHB Robert O'Connor 0-0: Grounds into double play, 2-4-3 (Groundball, 2L)
Top of the 4th over - 0 run(s), 0 hit(s), 0 error(s), 0 left on base; Thunder Bay 1 - New Amsterdam 2
BOTTOM OF THE 4TH
New Amsterdam Republics batting - Pitching for Thunder Bay Northern Lions BC : RHP Ramón Ortega
Batting: RHB Luis Muńóz 0-0: Ball
1-0: Ground out 5-3 (Groundball, 5S)
Batting: LHB Eric Ward 0-0: Ball
1-0: Ball
2-0: Called Strike
2-1: Foul Ball, location: 2F
2-2: Strikes out looking
Batting: RHB Ed Anderson 0-0: Ball
1-0: Foul Ball, location: 2F
1-1: Foul Ball, location: 2F
1-2: Ground out 6-3 (Groundball, 6)
Bottom of the 4th over - 0 run(s), 0 hit(s), 0 error(s), 0 left on base; Thunder Bay 1 - New Amsterdam 2
TOP OF THE 5TH
Thunder Bay Northern Lions BC batting - Pitching for New Amsterdam Republics : RHP Nathaniel Riley
Batting: LHB Mike Blue 0-0: Ball
1-0: Ball
2-0: Foul Ball, location: 2F
2-1: Ball
3-1: Fly out, F5 (Popup, 56)
Batting: RHB Ed Whitaker 0-0: Called Strike
0-1: SOLO HOME RUN (Flyball, 7LD), Distance : 362 ft
Batting: RHB Raúl Valadez 0-0: Called Strike
0-1: Ball
1-1: Foul Ball, location: 2F
1-2: Foul Ball, location: 2F
1-2: SINGLE (Groundball, 6MD)
Batting: RHB Jonathan Cook 0-0: Foul Ball, location: 2F
0-1: Ball
1-1: Ball
2-1: 2-RUN HOME RUN (Flyball, 78XD), Distance : 430 ft
Batting: RHB Keith Fish 0-0: Called Strike
0-1: Ball
1-1: SINGLE (Line Drive, 4MD)
Batting: LHB David Smith 0-0: Ball
1-0: Fielders Choice at 2nd, 1-6 (Groundball, 25)
Batting: SHB Carlos Rodríguez 0-0: Ball
1-0: Fly out, F8 (Flyball, 8LD)
Top of the 5th over - 3 run(s), 4 hit(s), 0 error(s), 1 left on base; Thunder Bay 4 - New Amsterdam 2
BOTTOM OF THE 5TH
New Amsterdam Republics batting - Pitching for Thunder Bay Northern Lions BC : RHP Ramón Ortega
Batting: RHB Takeru Sanu 0-0: Ball
1-0: Ball
2-0: Swinging Strike
2-1: Foul Ball, location: 2F
2-2: Foul Ball, location: 2F
2-2: Ball
3-2: Strikes out swinging
Batting: RHB António Pérez 0-0: Ball
1-0: Foul Ball, location: 2F
1-1: DOUBLE (Line Drive, 78D)
Batting: RHB Cory Hansen 0-0: Called Strike
0-1: Ball
1-1: Foul Ball, location: 2F
1-2: Foul Ball, location: 2F
1-2: Foul Ball, location: 2F
1-2: Fly out, F2 (Popup, 23F)
Batting: LHB Félix López 0-0: Ball
1-0: Ball
Wild Pitch!
António Pérez to third
2-0: Ball
3-0: Base on Balls
Batting: RHB Júlio Maldonado 0-0: Called Strike
0-1: Ball
1-1: Fly out, F6 (Popup, 56)
Bottom of the 5th over - 0 run(s), 1 hit(s), 0 error(s), 2 left on base; Thunder Bay 4 - New Amsterdam 2
TOP OF THE 6TH
Thunder Bay Northern Lions BC batting - Pitching for New Amsterdam Republics : RHP Nathaniel Riley
Batting: LHB Pancho García 0-0: DOUBLE (Groundball, 3L)
Batting: RHB Robert O'Connor 0-0: Ball
1-0: DOUBLE (Line Drive, 7LS)
Pancho García scores
Batting: LHB Mike Blue 0-0: Ball
1-0: Swinging Strike
1-1: Ball
2-1: Called Strike
2-2: Ball
3-2: Base on Balls
Batting: RHB Ed Whitaker 0-0: Foul Ball, location: 2F
0-1: SINGLE (Line Drive, 6D)
Robert O'Connor to third
Mike Blue to second
Batting: RHB Raúl Valadez 0-0: Fly out, F7 (Line Drive, 7M)
Runner from 3rd tags up, SCORES, throw made
Pitching: RHP Ron Madison
Batting: RHB Jonathan Cook 0-0: Ball
1-0: Ball
2-0: Ball
3-0: Base on Balls
Mike Blue to third
Ed Whitaker to second
Batting: RHB Keith Fish 0-0: Foul Ball, location: 2F
0-1: Ball
1-1: Fly out, F6 (Popup, 6MD)
Batting: LHB David Smith 0-0: Foul Ball, location: 2F
0-1: Ball
1-1: Swinging Strike
1-2: Foul Ball, location: 2F
1-2: Fly out, F8 (Flyball, 8LD)
Top of the 6th over - 2 run(s), 3 hit(s), 0 error(s), 3 left on base; Thunder Bay 6 - New Amsterdam 2
BOTTOM OF THE 6TH
New Amsterdam Republics batting - Pitching for Thunder Bay Northern Lions BC : RHP Ramón Ortega
Batting: LHB Steve Ingram 0-0: Fly out, F4 (Popup, 4D)
Batting: RHB Luis Muńóz 0-0: Ball
1-0: SINGLE (Flyball, 7S)
Batting: LHB Eric Ward 0-0: Ball
1-0: DOUBLE (Groundball, 3D)
Luis Muńóz to third
Batting: RHB Ed Anderson 0-0: Called Strike
0-1: Foul Ball, location: 2F
0-2: Ball
1-2: Foul Ball, location: 2F
1-2: Ball
2-2: Ball
3-2: Ground out 5-3 (Groundball, 5)
Batting: RHB Takeru Sanu 0-0: Called Strike
0-1: Ground out 6-3 (Groundball, 6)
Bottom of the 6th over - 0 run(s), 2 hit(s), 0 error(s), 2 left on base; Thunder Bay 6 - New Amsterdam 2
TOP OF THE 7TH
Thunder Bay Northern Lions BC batting - Pitching for New Amsterdam Republics : RHP Ron Madison
Batting: SHB Carlos Rodríguez 0-0: Ground out U3 (Groundball, 3S)
Batting: LHB Pancho García 0-0: DOUBLE (Flyball, 8LD)
Batting: RHB Robert O'Connor 0-0: Ball
1-0: Ball
2-0: Called Strike
2-1: Ground out 6-3 (Groundball, 6)
Batting: LHB Mike Blue 0-0: Ball
1-0: Called Strike
1-1: Ball
2-1: Swinging Strike
2-2: Foul Ball, location: 2F
2-2: Ball
3-2: Fly out, F8 (Line Drive, 8LM)
Top of the 7th over - 0 run(s), 1 hit(s), 0 error(s), 1 left on base; Thunder Bay 6 - New Amsterdam 2
BOTTOM OF THE 7TH
New Amsterdam Republics batting - Pitching for Thunder Bay Northern Lions BC : RHP Ramón Ortega
Batting: RHB António Pérez 0-0: Hit by Pitch
Batting: RHB Cory Hansen 0-0: Called Strike
0-1: Ball
1-1: Ball
António Pérez steals 2nd base
2-1: Ground out 5-3 (Groundball, 5L)
Batting: LHB Félix López 0-0: Called Strike
0-1: Called Strike
António Pérez steals 3rd base
0-2: Ball
1-2: SINGLE (Groundball, 2R) (infield hit)
Batting: RHB Júlio Maldonado 0-0: Foul Ball, location: 2F
0-1: Ball
1-1: Swinging Strike
1-2: Fly out, F6 (Popup, 6D)
Batting: LHB Steve Ingram 0-0: Ball
1-0: Called Strike
1-1: Foul Ball, location: 2F
1-2: Ground out 3-1 (Groundball, 34S)
Bottom of the 7th over - 0 run(s), 1 hit(s), 0 error(s), 2 left on base; Thunder Bay 6 - New Amsterdam 2
TOP OF THE 8TH
Thunder Bay Northern Lions BC batting - Pitching for New Amsterdam Republics : RHP Ron Madison
Batting: RHB Ed Whitaker 0-0: Ball
1-0: Called Strike
1-1: Foul Ball, location: 2F
1-2: Ball
2-2: Fly out, F2 (Popup, 2LF)
Batting: RHB Raúl Valadez 0-0: Ball
1-0: Called Strike
1-1: Ball
2-1: Ground out 5-3 (Groundball, 56S)
Batting: RHB Jonathan Cook 0-0: Called Strike
0-1: Called Strike
0-2: Ball
1-2: Ball
2-2: Ground out 6-3 (Groundball, 6)
Top of the 8th over - 0 run(s), 0 hit(s), 0 error(s), 0 left on base; Thunder Bay 6 - New Amsterdam 2
BOTTOM OF THE 8TH
New Amsterdam Republics batting - Pitching for Thunder Bay Northern Lions BC : RHP Ramón Ortega
Batting: RHB Luis Muńóz 0-0: Foul Ball, location: 2F
0-1: SINGLE (Line Drive, 8RS)
Batting: LHB Eric Ward 0-0: Grounds into double play, 4-6-3 (Groundball, 4)
Batting: RHB Ed Anderson 0-0: Swinging Strike
0-1: Called Strike
0-2: Foul Ball, location: 2F
0-2: Strikes out swinging
Bottom of the 8th over - 0 run(s), 1 hit(s), 0 error(s), 0 left on base; Thunder Bay 6 - New Amsterdam 2
TOP OF THE 9TH
Thunder Bay Northern Lions BC batting - Pitching for New Amsterdam Republics : RHP Ron Madison
Batting: RHB Keith Fish 0-0: Ball
1-0: SINGLE (Groundball, 56D)
Batting: LHB David Smith 0-0: Ball
1-0: Ball
2-0: Ball
3-0: Base on Balls
Keith Fish to second
Batting: SHB Carlos Rodríguez 0-0: Called Strike
0-1: Ball
1-1: Foul Ball, location: 2F
1-2: Ball
2-2: Ball
3-2: Grounds into double play, 3-6-3 (Groundball, 3)
Keith Fish to third
Batting: LHB Pancho García 0-0: Ball
1-0: Ball
2-0: Ball
3-0: Base on Balls
Batting: RHB Robert O'Connor 0-0: Swinging Strike
0-1: Fielders Choice at 2nd, U6 (Groundball, 6M)
Top of the 9th over - 0 run(s), 1 hit(s), 0 error(s), 2 left on base; Thunder Bay 6 - New Amsterdam 2
BOTTOM OF THE 9TH
New Amsterdam Republics batting - Pitching for Thunder Bay Northern Lions BC : RHP Ramón Ortega
Batting: RHB Takeru Sanu 0-0: Swinging Strike
0-1: Swinging Strike
0-2: Fly out, F6 (Popup, 6MD)
Batting: RHB António Pérez 0-0: Ball
1-0: Ball
2-0: Hit by Pitch
Pitching: LHP Xavier Perea
Batting: RHB Cory Hansen 0-0: Ball
1-0: Called Strike
1-1: Ball
2-1: Foul Ball, location: 2F
2-2: Strikes out swinging
Batting: LHB Félix López 0-0: Ball
1-0: Foul Ball, location: 2F
1-1: Ball
2-1: Ball
Wild Pitch!
António Pérez to second
3-1: Swinging Strike
3-2: Strikes out swinging
Bottom of the 9th over - 0 run(s), 0 hit(s), 0 error(s), 1 left on base; Thunder Bay 6 - New Amsterdam 2
This league is powered by Out of the Park Baseball, the baseball management simulation game for PC, Mac and Linux
Friday, July 8th, 2016 - OOTP Baseball 16.9 Build 39